 Dungeon Crawl Stone Soup version 0.17-a0-1519-g2001520 (webtiles) character file.

182664 kroki the Brawler (level 17, -4/180 HPs)
             Began as a Troll Chaos Knight on July 13, 2015.
             Slain by a chaos spawn (12 damage)
             ... summoned by Xom
             ... on level 1 of the Shoals.
             The game lasted 01:17:39 (30147 turns).

kroki the Brawler (Troll Chaos Knight)             Turns: 30147, Time: 01:17:40

Health: -4/180     AC: 17    Str: 21 (26) XL:     17   Next: 72%
Magic:  18/18      EV: 11    Int:  7 (10) God:    Xom [......]
Gold:   2146       SH: 20    Dex:  3 (12) Spells: 2 memorised, 12 levels left

rFire  . . .     SeeInvis .       - Unarmed
rCold  + + +     Clarity  +     g - +0 mottled dragon armour
rNeg   . . .     SustAt   .     x - +5 large shield of the Forgotten Stars {rC+ MR+ Int+2}
rPois  +         Gourm    +     U - +2 hat
rElec  .         Spirit   .     i - +2 cloak {+Inv}
rCorr  .         Warding  .     (gloves unavailable)
rMut   .         Stasis   .     (boots unavailable)
MR     +++..                    W - amulet of clarity
Stlth  ..........               q - ring of Ledda {rPois rC+ MR+ Slay+5, =R}
                                w - +4 ring of evasion

@: lethally poisoned (-4 -> -5), extremely resistant to hostile enchantments,
extremely unstealthy
A: unfitting armour, beak, claws 3, hooves 1, blink 1, clumsy 1, cold resistance
1, fast metabolism 3, gourmand, regeneration 2, shaggy fur 1, spit poison 1,
strong 1, tough skin 2, wild magic 1
a: Spit Poison, Blink, Renounce Religion, Evoke Invisibility


You were on level 1 of the Shoals.
You worshipped Xom.
You were a very special plaything of Xom.
You were completely stuffed.

You visited 5 branches of the dungeon, and saw 32 of its levels.
You also visited: Labyrinth.

You collected 3243 gold pieces.
You spent 1097 gold pieces at shops.

Inventory:

Hand weapons
 s - the +6 scimitar of Flaming Death {sticky flame, rPois rF++ rC- MR+}
   (You found it on level 8 of the Lair of Beasts)

   It has been specially enchanted to burn those struck by it, causing extra
   injury to most foes and up to half again as much damage against particularly
   susceptible opponents.
   Big, fiery blades are also staple armaments of hydra-hunters.
   It greatly protects you from fire.
   It makes you vulnerable to cold.
   It protects you from poison.
   It affects your resistance to hostile enchantments.
Missiles
 y - 871 stones (quivered)
Armour
 g - a +0 mottled dragon armour (worn)
   (You found it on level 11 of the Dungeon)
 i - a +2 cloak of invisibility (worn)
   (You found it in a labyrinth)
 x - the +5 large shield of the Forgotten Stars (worn) {rC+ MR+ Int+2}
   (You acquired it on level 4 of the Orcish Mines)

   It affects your intelligence (+2).
   It protects you from cold.
   It affects your resistance to hostile enchantments.
 U - a +2 hat (worn)
   (You took it off Gastronok on level 2 of the Orcish Mines)
Rods
 T - a +4 rod of ignition (10/10) {!a}
   (You found it in a labyrinth)
Jewellery
 l - a cursed ring of protection from fire {unknown}
   (You found it on level 3 of the Spider Nest)
 q - the ring of Ledda (right claw) {rPois rC+ MR+ Slay+5, =R}
   (You took it off a minotaur in a labyrinth)

   [ring of slaying]

   It affects your accuracy and damage with ranged weapons and melee attacks
   (+5).
   It protects you from cold.
   It protects you from poison.
   It affects your resistance to hostile enchantments.
 t - an uncursed ring of protection from magic {unknown}
   (You found it on level 1 of the Shoals)
 v - the amulet "Berhu" {rMut Int+5}
   (You found it on level 5 of the Dungeon)

   [amulet of resist mutation]

   It protects you from mutation.
   It affects your intelligence (+5).
 w - a +4 ring of evasion (left claw)
   (You found it on level 4 of the Lair of Beasts)
 W - an amulet of clarity (around neck)
   (You found it on level 6 of the Lair of Beasts)
Magical devices
 c - a wand of slowing (16)
   (You found it on level 4 of the Dungeon)
 f - a wand of flame (22)
   (You found it on level 14 of the Dungeon)
 p - a wand of magic darts (18)
   (You found it on level 1 of the Shoals)
 F - a wand of confusion (24)
   (You found it on level 7 of the Lair of Beasts)
 G - a wand of slowing (23)
   (You took it off a kobold on level 9 of the Dungeon)
 H - a wand of teleportation (3)
   (You bought it in a shop on level 1 of the Orcish Mines)
 J - a wand of magic darts (31)
   (You found it on level 15 of the Dungeon)
 R - a wand of paralysis (3)
   (You found it in a labyrinth)
 X - a wand of polymorph (13)
   (You found it on level 6 of the Lair of Beasts)
 Y - a wand of disintegration (12)
   (You took it off Erolcha on level 2 of the Orcish Mines)
Scrolls
 d - 9 scrolls of enchant weapon
 e - 2 scrolls of blinking
 m - 8 scrolls of remove curse
 o - 2 scrolls of magic mapping
 z - 2 scrolls of identify
 A - a scroll of amnesia
 B - 9 scrolls of fog
 D - 4 scrolls of immolation
 E - 6 scrolls of enchant armour
 M - 3 scrolls of recharging
 N - a scroll of fear
 Q - 3 scrolls of teleportation
Potions
 h - a potion of lignification
 n - a potion of flight
 C - a potion of magic
 K - 4 potions of cure mutation
 V - a potion of ambrosia {unknown}
 Z - 3 potions of agility {unknown}
Books
 u - a book of Annihilations
   (You found it on level 3 of the Spider Nest)

   Spells                             Type                      Level
   a - Poison Arrow                   Conjuration/Poison           6
   b - Chain Lightning                Conjuration/Air              8
   c - Lehudib's Crystal Spear        Conjuration/Earth            8
   d - Glaciate                       Conjuration/Ice              9
   e - Fire Storm                     Conjuration/Fire             9
 L - a book of the Dragon
   (You found it on level 1 of the Shoals)

   Spells                             Type                      Level
   a - Flame Tongue                   Conjuration/Fire             1
   b - Cause Fear                     Hexes                        4
   c - Bolt of Fire                   Conjuration/Fire             6
   d - Dragon Form                    Transmutation                7
   e - Dragon's Call                  Summoning                    9
Miscellaneous
 j - a legendary deck of summoning
   (You found it on level 13 of the Dungeon)
 k - a plain deck of defence {drawn: 2}
   (You found it on level 7 of the Lair of Beasts)
 I - a lamp of fire (inert)
   (You found it on level 9 of the Dungeon)
 O - a plain deck of summoning
   (You found it on level 1 of the Spider Nest)
 P - a phial of floods (inert)
   (You found it in a labyrinth)
Comestibles
 a - 4 chunks of flesh
 b - 14 bread rations
 r - 11 meat rations


   Skills:
 + Level 14.1 Fighting
 - Level 10.9 Armour
 + Level 11.7 Dodging
 - Level 7.0 Shields
 + Level 16.6 Unarmed Combat
 - Level 3.2 Evocations


You had 12 spell levels left.
You knew the following spells:

 Your Spells              Type           Power        Failure   Level  Hunger
a - Blink                 Tloc           N/A          100%        2    ###....
b - Swiftness             Chrm/Air       #.......     100%        2    ###....


Dungeon Overview and Level Annotations

Branches:
Dungeon (15/15)            Temple (0/1) D:7            Lair (8/8) D:11
 Shoals (1/4) Lair:5       Spider (4/4) Lair:3        Slime (0/6) Lair:8
    Orc (4/4) D:12            Elf (0/3) Orc:4        Vaults (0/5) D:13
 Depths (0/5) D:15

Altars:
Dithmenos
Gozag
Xom
Zin
Beogh

Shops:
D:10 (=(}   D:12 !   Orc:1 }   Orc:2 [   Orc:4 *%[?}

Portals:
Pandemonium: Orc:4

Annotations:
Lair:8 exclusion: oklob plant


Innate Abilities, Weirdness & Mutations

You are too large for most types of armour.
You have claws for hands.
Your metabolism is lightning-fast.
You like to eat raw meat.
You heal very quickly.
You are covered in fur (AC +1).
You have very tough skin (AC +2).
You have a beak for a mouth.
You have large cloven feet.
You can translocate small distances at will.
You are clumsy. (Dex -2)
Your flesh is cold resistant.
You can spit weak poison.
Your muscles are strong. (Str +2)
Your spells are a little harder to cast, but a little more powerful.


Message History

* * * LOW HITPOINT WARNING * * *
You block the snapping turtle's attack.
You mangle the snapping turtle!!
The snapping turtle is almost dead.
You feel sick. You block the ufetubus's attack.
You block the ufetubus's attack.
The snapping turtle withdraws into its shell!
The merfolk hits you with a trident of venom.
* * * LOW HITPOINT WARNING * * *
You claw the snapping turtle!
You kill the snapping turtle!
You feel sick.
The ufetubus splashes around in the water.
You block the ufetubus's attack. x2
The ufetubus splashes around in the water.
Unknown command.
You scratch the merfolk but do no damage.
You kick the merfolk, but do no damage.
You feel sick. You block the merfolk's attack. You block the ufetubus's attack.
The ufetubus barely misses you.
Unknown command.
You closely miss the merfolk. Your kick misses the merfolk.
You feel sick. You block the chaos spawn's attack.
The crimson imp blinks!
You block the ufetubus's attack. x2
The merfolk hits you with a trident of venom!
* * * LOW HITPOINT WARNING * * *
Unknown command.
You claw the merfolk!
The merfolk begins to bleed from its wounds!
You peck the merfolk.
The merfolk is moderately wounded.
You feel sick.
The crimson imp disappears in a puff of smoke!
The ufetubus splashes around in the water. x2
You block the chaos spawn's attack. You block the merfolk's attack.
You eviscerate the merfolk!!!
You kill the merfolk!
You feel sick. You block the ufetubus's attack.
The ufetubus splashes around in the water.
You block the chaos spawn's attack.
Unknown command.
You feel sick. The ufetubus misses you. You block the ufetubus's attack.
You block the ufetubus's attack.
The ufetubus splashes around in the water.
The chaos spawn hits you.
* * * LOW HITPOINT WARNING * * *
Space warps horribly around you!
* * * LOW HITPOINT WARNING * * *
Xom roars with laughter!
Things that are here:
a trident of venom; 3 tomahawks; a merfolk corpse You scratch the chaos spawn.
You kick the chaos spawn, but do no damage.
The chaos spawn is lightly wounded.
You block the ufetubus's attack. x2
You block the chaos spawn's attack.
Unknown command.
You scratch the chaos spawn. Your kick misses the chaos spawn.
You peck the chaos spawn.
The chaos spawn is moderately wounded.
You feel sick.
The ufetubus splashes around in the water.
The ufetubus closely misses you. The chaos spawn hits you!
You die...

..........~.~~.# ##.~~~~~~~
..P...~~.......## #.~~~~~~~~
...~~~~~~~P.##..# #.~~~~~~~~
~.~~....PPP## #.## #.~~~~~~~~~
~~~.....~~P# ##..####.~~~~~~~~~
~~~...~~~..###.....#..~~~~~~~~~
~~....~~~.P~....~~....~~~~~~~~~
~~~.#...~~~~...~35..#.~~~~~~~~~
~~.....~~~~P~~~.@..###.~~~~~~~~
~~.....~~~P~~~.#######(~0~~~~~~
~~~...~P~~PP~~.# ####..0)~~~~~~
~~~~~~~~P~~~~~.###35..~0~~~~~~~
~~~~~~~~P~PP~P35.m5.5~~~~~.~~~~
~~~~~~~~P~PPPP~...5~~~~~~~.~~~~
~~~~~~~~~~PP~~..(....~~~~~~~~~~
~~~~~~~~~P~PPP.####..~~~~~~~~~~
~~~~~~~~~~~.#### #..~~~~~~~~~~


You could see a chaos spawn and an ufetubus.

Vanquished Creatures
  Gastronok (Orc:2)
  5 ghost moths
  4 emperor scorpions
  A slime creature (D:13)
  Snorg (Lair:8)
  Josephine (Orc:3)
  Erolcha (Orc:2)
  Fannar (Orc:2)
  2 entropy weavers
  An ice dragon (D:13)
  A catoblepas (Lair:8)
  8 hydras
  Erica (D:10)
  A deep troll shaman (Lair:8)
  3 centaur warriors
  13 death yaks
  2 orc high priests (Orc:4)
  A sun demon (Orc:4)
  3 unseen horrors
  An ice devil (Orc:4)
  A harpy (shapeshifter) (D:15)
  2 deep elf conjurers (D:15)
  A necromancer (D:15)
  2 hill giants
  3 griffons
  6 orc knights
  A water nymph (Shoals:1)
  6 ugly things
  A manticore (Shoals:1)
  8 orc sorcerers
  20 wolf spiders
  9 orb spiders
  4 cyclopes
  6 hornets
  A sixfirhy (Orc:4)
  3 moths of wrath
  23 elephants
  Joseph (D:7)
  A centaur zombie (D:15)
  8 black mambas
  An orange demon (Orc:4)
  Psyche (D:10)
  2 gargoyles
  2 torpor snails
  9 spiny frogs
  8 komodo dragons
  14 demonic crawlers
  An efreet (D:15)
  A fire drake (Lair:6)
  3 merfolk (Shoals:1)
  2 two-headed ogres
  21 jumping spiders
  5 yaktaurs (D:15)
  7 polar bears
  5 trolls
  2 trapdoor spider zombies
  A raiju (Lair:2)
  A snapping turtle (Shoals:1)
  3 boulder beetles
  33 redbacks
  28 tarantellas
  11 trapdoor spiders
  3 wraiths (Orc:3)
  48 yaks
  A chaos spawn (Orc:4)
  A shadow (D:13)
  A deep elf mage (D:9)
  A human (D:15)
  5 basilisks
  6 vampire mosquitoes
  A human (shapeshifter) (D:14)
  3 wyverns
  8 hippogriffs
  6 wargs
  25 wolves
  3 hungry ghosts
  A soldier ant (D:12)
  An insubstantial wisp (Lair:8)
  3 mottled dragons
  10 porcupines
  6 water moccasins
  16 spiders
  Purgy (D:4)
  30 orc warriors
  A phantom (D:4)
  A sky beast (D:6)
  9 ogres
  5 black bears
  6 ice beasts
  17 centaurs
  12 crocodiles
  24 giant frogs
  2 big kobolds (D:12)
  A wyvern zombie (D:9)
  2 wyvern skeletons (D:12)
  3 scorpions (D:8)
  An electric eel (Spider:1)
  A spriggan skeleton (Lab)
  4 crimson imps
  2 giant frog zombies (D:5)
  2 quasits
  32 orc priests
  Crazy Yiuf (D:7)
  5 hounds
  5 jellies
  4 centaur skeletons
  4 giant frog skeletons
  10 iguanas
  24 orc wizards
  12 worker ants
  30 sheep
  An ogre skeleton (Lab)
  A hound zombie (D:7)
  A worker ant zombie (D:11)
  The ghost of Eleanoora the Gusty, a weakling VSAE (D:3)
  A hound skeleton (D:8)
  10 adders
  6 gnolls
  47 river rats
  2 shadow imps
  An adder skeleton (D:4)
  A worm (D:2)
  4 giant geckos
  164 orcs
  4 giant cockroaches
  22 goblins
  13 hobgoblins
  8 jackals
  18 kobolds
  2 quokkas
  30 bats
  4 giant newts
  A jackal skeleton (D:8)
  A quokka zombie (D:5)
  20 rats
  A fungus (Lair:6)
  A plant (Lair:7)
1085 creatures vanquished.

Vanquished Creatures (collateral kills)
  Arachne (Spider:4)
  Maud (Lair:5)
  A minotaur (Lab)
  A hydra (Lair:8)
  An infernal demonspawn (Orc:4)
  A gelid demonspawn (Orc:4)
  A lindwurm (Lair:8)
  2 orb spiders (Spider:4)
  4 orc sorcerers (Orc:4)
  A wolf spider (Spider:4)
  A gargoyle (D:12)
  2 spiny frogs
  A komodo dragon (Lair:3)
  A jumping spider (Spider:4)
  A tarantella (Spider:4)
  A yak (Lair:6)
  4 wolves
  3 vampire mosquitoes
  2 orc warriors
  An orc wizard (D:12)
  An orc priest (Orc:4)
  5 river rats (Lair:7)
  9 orcs
  2 kobolds (D:12)
  A plant (Lair:8)
49 creatures vanquished.

Vanquished Creatures (others)
  3 death yaks
  An orc wizard (Orc:3)
  A worker ant (D:11)
  6 orcs
  A bat (D:10)
  A bush (Lair:8)
  52 fungi
  30 plants
95 creatures vanquished.

Grand Total: 1229 creatures vanquished

Notes
Turn   | Place    | Note
--------------------------------------------------------------
     0 | D:1      | kroki the Troll Chaos Knight began the quest for the Orb.
     0 | D:1      | Reached XP level 1. HP: 22/22 MP: 0/0
   119 | D:1      | Reached skill level 2 in Dodging
   178 | D:1      | XOM: silly message
   188 | D:1      | Reached XP level 2. HP: 29/29 MP: 1/1
   653 | D:1      | XOM: harmless Ice miscast
   724 | D:1      | XOM: divination: detect creatures
   920 | D:2      | Reached XP level 3. HP: 27/36 MP: 2/2
  1057 | D:2      | XOM: divination: detect items
  1504 | D:3      | XOM: smoke on damage
  1678 | D:3      | Reached skill level 3 in Fighting
  1678 | D:3      | Reached skill level 4 in Unarmed Combat
  1678 | D:3      | Reached XP level 4. HP: 43/45 MP: 3/3
  1871 | D:3      | Reached XP level 5. HP: 20/53 MP: 4/4
  1925 | D:3      | Noticed Eleanoora's ghost (weakling VSAE)
  1932 | D:3      | Killed Eleanoora's ghost
  2016 | D:3      | XOM: mild Necr miscast
  2082 | D:3      | XOM: silly message
  2145 | D:3      | XOM: harmless Divn miscast
  2339 | D:3      | XOM is BORED!
  2339 | D:3      | XOM: medium Ice miscast
  2441 | D:4      | Reached skill level 3 in Dodging
  2459 | D:4      | XOM: harmless Trmt miscast
  2561 | D:4      | Noticed an ogre
  2857 | D:4      | Noticed Purgy
  2864 | D:4      | Reached XP level 6. HP: 62/62 MP: 5/5
  2878 | D:4      | Killed Purgy
  2878 | D:4      | Reached skill level 5 in Unarmed Combat
  2902 | D:4      | XOM: enchant monster (good)
  2912 | D:4      | Killed an ogre
  2912 | D:4      | Reached skill level 4 in Fighting
  2964 | D:4      | XOM: noise
  2993 | D:4      | XOM: mild Tloc miscast
  2994 | D:4      | Noticed a spatial vortex
  3045 | D:4      | Noticed a phantom
  3059 | D:4      | XOM: divination: detect creatures
  3062 | D:4      | XOM: cast spell 'Stoneskin'
  3067 | D:4      | Killed a phantom
  3067 | D:4      | Reached XP level 7. HP: 61/71 MP: 6/6
  3158 | D:5      | Entered Level 5 of the Dungeon
  3244 | D:5      | XOM: scenery: 2 doors open, 3 doors close
  3274 | D:5      | Reached skill level 4 in Dodging
  3666 | D:5      | Got a vibrating lead amulet
  3670 | D:5      | XOM: divination: detect creatures
  3679 | D:5      | XOM: polymorph worker ant -> jelly
  3681 | D:5      | XOM: fog
  3687 | D:5      | XOM: divination: detect creatures
  3722 | D:5      | XOM is BORED!
  3722 | D:5      | XOM: medium Chrm miscast
  3964 | D:5      | XOM: mild Necr miscast
  4016 | D:5      | XOM: colour smoke trail
  4089 | D:6      | Reached skill level 1 in Shields
  4089 | D:6      | Reached skill level 6 in Unarmed Combat
  4235 | D:6      | XOM: 5-stop teleportation journey
  4242 | D:6      | Identified the amulet "Berhu" {rMut Int+5} (You found it on level 5 of the Dungeon)
  4269 | D:6      | XOM: mild Erth miscast
  4336 | D:6      | XOM: confusion
  4515 | D:6      | Reached XP level 8. HP: 79/79 MP: 7/7
  4583 | D:6      | Reached skill level 5 in Fighting
  4627 | D:6      | Reached skill level 2 in Shields
  4907 | D:7      | XOM: noise
  4912 | D:7      | XOM: snakes to sticks
  4958 | D:7      | Reached skill level 5 in Dodging
  4971 | D:7      | Noticed Joseph
  4988 | D:7      | XOM: 4-stop teleportation journey
  5003 | D:7      | XOM: colour smoke trail
  5042 | D:7      | XOM: mild Air miscast
  5135 | D:7      | Found a staircase to the Ecumenical Temple.
  5243 | D:7      | XOM: medium Hex miscast
  5315 | D:6      | XOM: give mutation
  5315 | D:6      | Gained mutation: You are partially covered in rough black scales (AC +4, Dex -1). [Xom's mischief]
  5387 | D:7      | XOM: confusion (+ monsters)
  5388 | D:7      | XOM: noise
  5405 | D:7      | Killed Joseph
  5405 | D:7      | Reached skill level 3 in Shields
  5405 | D:7      | Reached skill level 7 in Unarmed Combat
  5432 | D:7      | Reached XP level 9. HP: 69/89 MP: 8/8
  5507 | D:7      | Noticed Crazy Yiuf
  5517 | D:7      | Killed Crazy Yiuf
  5547 | D:7      | Gained mutation: You have a pair of small horns on your head. [potion of beneficial mutation]
  5589 | D:7      | Found a shadowy altar of Dithmenos.
  5590 | D:7      | XOM: mild Fire miscast
  5605 | D:7      | XOM: mild Ice miscast
  5611 | D:7      | XOM: harmless Trmt miscast
  5642 | D:7      | You fall through a shaft for 3 floors!
  5642 | D:10     | Entered Level 10 of the Dungeon
  5644 | D:10     | Noticed Erica
  5665 | D:10     | XOM: noise
  5668 | D:10     | Killed Erica
  5668 | D:10     | Reached skill level 6 in Fighting
  5668 | D:10     | Reached skill level 4 in Shields
  5725 | D:10     | XOM: noise
  5728 | D:10     | XOM: harmless Tloc miscast
  5748 | D:10     | Found Sairoin's Antique Weapon Boutique.
  5847 | D:9      | Reached skill level 6 in Dodging
  5864 | D:9      | Reached skill level 8 in Unarmed Combat
  5905 | D:9      | XOM: potion effect (might)
  5940 | D:9      | XOM: silly message
  5959 | D:9      | Reached XP level 10. HP: 98/100 MP: 9/9
  5959 | D:9      | XOM: summons 7 friendly demons
  5961 | D:9      | XOM: divination: detect items
  5967 | D:9      | Reached skill level 5 in Shields
  5979 | D:9      | Reached skill level 7 in Fighting
  6189 | D:9      | XOM: summons friendly quasit
  6275 | D:9      | XOM: swap monsters
  6287 | D:9      | Reached skill level 9 in Unarmed Combat
  6289 | D:9      | Reached skill level 7 in Dodging
  6475 | D:9      | XOM: stat loss: -1 Dex (10/11)
  6660 | D:8      | Found an opulent altar of Gozag.
  6690 | D:8      | XOM: 1-stop teleportation journey
  6746 | D:8      | XOM: mild Divn miscast
  6853 | D:8      | XOM: give mutations
  6853 | D:8      | Gained mutation: Armour fits poorly on your strangely shaped body. [Xom's mischief]
  6853 | D:8      | Gained mutation: You are weak. (Str -2) [Xom's mischief]
  6853 | D:8      | Lost mutation: You are weak. (Str -2) [Xom's mischief]
  6912 | D:8      | XOM: colour smoke trail
  6914 | D:8      | Got a crude rapier
  6936 | D:8      | Identified the +0 rapier of Ubaucras {speed, -Tele +Rage rElec Int+5} (You found it on level 8 of the Dungeon)
  6938 | D:8      | Reached skill level 1 in Evocations
  7029 | D:8      | XOM: blink monster(s)
  7141 | D:8      | XOM: mild Tloc miscast
  7188 | D:8      | XOM: summons 1 hostile demon
  7297 | D:8      | XOM: harmless Erth miscast
  7307 | D:8      | Reached skill level 6 in Shields
  7455 | D:8      | XOM: colour smoke trail
  7651 | D:7      | XOM: mild Necr miscast
  7677 | D:7      | XOM: mild Ice miscast
  7856 | D:10     | Noticed a hill giant
  7879 | D:10     | XOM: severe Air miscast
  7887 | D:10     | Killed a hill giant
  7887 | D:10     | Reached XP level 11. HP: 42/111 MP: 11/11
  7963 | D:10     | Found Kimon's Gadget Shop.
  8003 | D:10     | Noticed Psyche
  8009 | D:10     | XOM: chaos cloud
  8020 | D:10     | Killed Psyche
  8068 | D:10     | Noticed a red ugly thing
  8068 | D:10     | XOM: noise
  8074 | D:10     | Killed a red ugly thing
  8074 | D:10     | Reached skill level 2 in Evocations
  8112 | D:10     | Found Ytzolowo's Weapon Boutique.
  8166 | D:10     | Found Waefong's Jewellery Boutique.
  8169 | D:10     | Bought a +2 ring of protection for 140 gold pieces
  8181 | D:10     | XOM: colour smoke trail
  8230 | D:11     | Killed an unseen horror
  8371 | D:10     | XOM: harmless Pois miscast
  8374 | D:11     | XOM: destruction
  8382 | D:10     | XOM: summons 2 friendly demons
  8387 | D:10     | XOM: blink monster(s)
  8393 | D:10     | XOM: summons friendly shadow imp
  8400 | D:10     | Reached skill level 8 in Fighting
  8416 | D:11     | XOM: enchant monster (good)
  8420 | D:11     | XOM: fake destruction
  8624 | D:11     | XOM: enchant monster (good)
  8717 | D:11     | XOM: harmless Divn miscast
  8741 | D:11     | XOM: enchant monster (bad)
  8816 | D:11     | Found a staircase to the Lair.
  9066 | D:12     | Found Siext's Distillery.
  9072 | D:12     | Bought a potion of curing for 48 gold pieces
  9072 | D:12     | Bought a potion of curing for 48 gold pieces
  9072 | D:12     | Bought a potion of curing for 48 gold pieces
  9072 | D:12     | Bought 2 potions of curing for 96 gold pieces
  9073 | D:12     | Noticed an eight-headed hydra
  9146 | D:11     | Killed an unseen horror
  9314 | Lair:1   | Entered Level 1 of the Lair of Beasts
  9337 | Lair:1   | Noticed a six-headed hydra
  9339 | Lair:1   | XOM: divination: detect items
  9343 | Lair:1   | Killed a six-headed hydra
  9343 | Lair:1   | Reached skill level 10 in Unarmed Combat
  9343 | Lair:1   | Reached skill level 3 in Evocations
  9461 | Lair:1   | Reached skill level 8 in Dodging
  9476 | Lair:1   | XOM: confuse monster(s)
  9625 | Lair:1   | XOM: medium Ice miscast
  9652 | Lair:1   | Reached skill level 7 in Shields
  9654 | Lair:1   | XOM: divination: detect items
  9871 | Lair:1   | Reached skill level 1 in Armour
  9913 | Lair:1   | Reached skill level 2 in Armour
 10154 | Lair:1   | XOM: cast spell 'Necromutation'
 10235 | Lair:2   | XOM: swap monsters
 10237 | Lair:2   | XOM: summons 5 hostile shadow creatures
 10244 | Lair:2   | XOM: medium Hex miscast
 10397 | Lair:2   | Reached skill level 3 in Armour
 10497 | Lair:2   | XOM: polymorph black mamba -> raiju
 10555 | Lair:2   | Reached skill level 4 in Armour
 10828 | Lair:2   | Learned a level 2 spell: Blink
 10831 | Lair:2   | Learned a level 2 spell: Swiftness
 10905 | Lair:3   | Found a labyrinth entrance.
 10917 | Lab      | Entered a labyrinth
 11065 | Lab      | XOM: summons friendly ufetubus
 11175 | Lab      | Noticed a minotaur
 11177 | Lab      | XOM: summons friendly crimson imp
 11184 | Lab      | XOM: summons 8 friendly demons
 11191 | Lab      | Killed a minotaur
 11191 | Lab      | Reached XP level 12. HP: 59/122 MP: 13/13
 11214 | Lab      | Got a faintly glowing lead ring
 11217 | Lab      | Identified the ring of Ledda {rPois rC+ MR+ Slay+5} (You took it off a minotaur in a labyrinth)
 11256 | Lab      | Identified a +4 rod of ignition (10/10) {!a} (You found it in a labyrinth)
 11257 | Lab      | Identified a +3 rod of shadows (13/13) {!a} (You found it in a labyrinth)
 11293 | Lair:3   | Reached skill level 5 in Armour
 11535 | Lair:3   | XOM: polymorph wolf -> mottled dragon
 11679 | Lair:3   | XOM: divination: detect creatures
 11682 | Lair:3   | XOM: cast spell 'Summon Hydra'
 11700 | Lair:3   | Reached skill level 6 in Armour
 11878 | Lair:3   | Found a hole to the Spider Nest.
 11994 | Lair:4   | XOM: divination: magic mapping
 12023 | Lair:4   | XOM: 2-stop teleportation journey
 12125 | Lair:4   | XOM: enchant monster (good)
 12129 | Lair:4   | XOM: potion effect (berserk rage)
 12132 | Lair:4   | Reached skill level 7 in Armour
 12134 | Lair:4   | XOM: potion effect (invisibility)
 12136 | Lair:4   | XOM: potion effect (haste)
 12426 | Lair:4   | XOM: scenery: create altars
 12459 | Lair:4   | XOM: divination: detect creatures
 12465 | Lair:4   | XOM: potion effect (berserk rage)
 12578 | Lair:4   | Reached skill level 9 in Fighting
 12730 | Lair:4   | XOM: summons friendly crimson imp
 12735 | Lair:4   | Reached skill level 11 in Unarmed Combat
 13066 | Lair:5   | XOM: cast spell 'Ice Form'
 13086 | Lair:5   | Found a staircase to the Shoals.
 13108 | Lair:5   | Found a glowing silver altar of Zin.
 13245 | Lair:5   | XOM: confuse monster(s)
 13280 | Lair:5   | XOM: confuse monster(s)
 13303 | Lair:5   | XOM: potion effect (berserk rage)
 13304 | Lair:5   | Reached skill level 8 in Armour
 13306 | Lair:5   | XOM: confuse monster(s)
 13308 | Lair:5   | XOM: cast spell 'Dragon Form'
 13321 | Lair:5   | Reached XP level 13. HP: 131/131 MP: 14/14
 13339 | Lair:5   | XOM: potion effect (haste)
 13462 | Lair:5   | Noticed Maud
 13477 | Lair:5   | Killed Maud
 13508 | Lair:5   | XOM: medium Ice miscast
 13624 | Lair:5   | XOM: confuse monster(s)
 13778 | Lair:6   | XOM: enchant monster (good)
 13845 | Lair:6   | XOM: summons 2 friendly demons
 14008 | Lair:6   | XOM: divination: detect creatures
 14283 | Lair:6   | XOM: divination: magic mapping
 14392 | Lair:6   | XOM: enchant monster (good)
 14765 | Lair:7   | Reached skill level 10 in Fighting
 14767 | Lair:7   | XOM: confuse monster(s)
 14781 | Lair:7   | XOM: summons 4 friendly demons
 14798 | Lair:7   | Reached skill level 9 in Armour
 14802 | Lair:7   | XOM: confuse monster(s)
 14807 | Lair:7   | XOM: summons friendly ufetubus
 14808 | Lair:7   | Reached skill level 12 in Unarmed Combat
 14813 | Lair:7   | XOM: divine lightning
 14855 | Lair:7   | XOM: swap monsters
 14860 | Lair:7   | XOM: summons 12 friendly demons
 14895 | Lair:7   | XOM: god gift: 56 gold pieces
 14983 | Lair:7   | XOM: vitrification
 15078 | Lair:7   | XOM: god gift: 16 gold pieces
 15136 | Lair:7   | XOM: 3-stop teleportation journey
 15516 | Lair:7   | XOM: vitrification
 15542 | Lair:7   | XOM: give mutations
 15542 | Lair:7   | Lost mutation: Armour fits poorly on your strangely shaped body. [Xom's mischief]
 15542 | Lair:7   | Gained mutation: You are weak. (Str -2) [Xom's mischief]
 15542 | Lair:7   | Gained mutation: Scrolls take you a little longer to read. [Xom's mischief]
 15542 | Lair:7   | Gained mutation: You are dopey. (Int -2) [Xom's mischief]
 15590 | Lair:7   | XOM: fog
 15846 | Lair:7   | XOM: cast spell 'Blink'
 15852 | Lair:7   | XOM: fog
 15854 | Lair:7   | XOM: confuse monster(s)
 15869 | Lair:7   | Reached XP level 14. HP: 142/144 MP: 15/15
 15880 | Lair:7   | XOM: blink monster(s)
 15918 | Lair:8   | Entered Level 8 of the Lair of Beasts
 15938 | Lair:8   | XOM: harmless Ice miscast
 15970 | Lair:8   | Noticed Snorg
 15984 | Lair:8   | Killed Snorg
 16049 | Lair:8   | Reached skill level 10 in Armour
 16113 | Lair:8   | XOM: noise
 16171 | Lair:8   | XOM: chaos cloud
 16188 | Lair:8   | Lost mutation: You are dopey. (Int -2) [potion of cure mutation]
 16188 | Lair:8   | Lost mutation: You are weak. (Str -2) [potion of cure mutation]
 16188 | Lair:8   | Lost mutation: You have a pair of small horns on your head. [potion of cure mutation]
 16188 | Lair:8   | Lost mutation: Scrolls take you a little longer to read. [potion of cure mutation]
 16188 | Lair:8   | Lost mutation: You are partially covered in rough black scales (AC +4, Dex -1). [potion of cure mutation]
 16222 | Lair:8   | Reached skill level 13 in Unarmed Combat
 16223 | Lair:8   | XOM: confuse monster(s)
 16228 | Lair:8   | Gained mutation: You are frail (-10% HP). [mutagenic glow]
 16522 | Lair:8   | XOM: blink monster(s)
 16558 | Lair:8   | XOM: chaos cloud
 16562 | Lair:8   | Reached skill level 11 in Fighting
 16615 | Lair:8   | Found a staircase to the Slime Pits.
 16799 | Lair:8   | XOM: 1-stop teleportation journey
 16802 | Lair:8   | XOM: summons 7 friendly demons
 16906 | Lair:8   | XOM: noise
 16963 | Lair:8   | XOM: summons 1 hostile demon
 16983 | Lair:8   | XOM: fog
 16987 | Lair:8   | XOM: divine lightning
 17076 | Lair:8   | XOM: vitrification
 17475 | D:12     | Noticed a hill giant
 17482 | D:12     | Killed a hill giant
 17529 | D:12     | Found a staircase to the Orcish Mines.
 17602 | D:12     | XOM: confuse monster(s)
 17616 | D:12     | Killed a 15-headed hydra
 17902 | D:12     | XOM: vitrification
 18057 | D:12     | Noticed a six-headed hydra
 18062 | D:12     | Killed a nine-headed hydra
 18145 | Orc:1    | Entered Level 1 of the Orcish Mines
 18146 | Orc:1    | XOM: confuse monster(s)
 18180 | Orc:1    | XOM: harmless Ice miscast
 18289 | Orc:1    | Found Xoot's Gadget Shoppe.
 18293 | Orc:1    | Bought a wand of teleportation (4) for 312 gold pieces
 18428 | Orc:2    | XOM: noise
 18456 | Orc:2    | Noticed Gastronok
 18467 | Orc:2    | XOM: silly message
 18476 | Orc:2    | XOM: repel stairs
 18482 | Orc:2    | Killed Gastronok
 18558 | Orc:2    | XOM: give mutations
 18558 | Orc:2    | Gained mutation: You have a beak for a mouth. [Xom's mischief]
 18558 | Orc:2    | Gained mutation: Your spells are a little harder to cast, but a little more powerful. [Xom's mischief]
 18558 | Orc:2    | Gained mutation: Scrolls take you a little longer to read. [Xom's mischief]
 18558 | Orc:2    | Lost mutation: Scrolls take you a little longer to read. [Xom's mischief]
 18814 | Orc:1    | XOM: divination: detect creatures
 19061 | Orc:3    | XOM: fake destruction
 19067 | Orc:3    | XOM: chaos upgrade
 19069 | Orc:3    | Noticed Josephine
 19088 | Orc:3    | XOM: potion effect (curing)
 19093 | Orc:3    | Killed Josephine
 19225 | Orc:3    | Identified the Incunabulum of Orientation
 19300 | Orc:3    | Found a roughly hewn altar of Beogh.
 19715 | Orc:3    | XOM: scenery: 1 doors close
 19801 | Orc:2    | Found Itsep's Armour Emporium.
 19858 | Orc:2    | Noticed Erolcha
 19860 | Orc:2    | Killed Erolcha
 19880 | Orc:2    | Noticed Fannar
 19886 | Orc:2    | XOM: noise
 19898 | Orc:2    | Killed Fannar
 19918 | Orc:2    | XOM: harmless Erth miscast
 20156 | Orc:4    | Entered Level 4 of the Orcish Mines
 20192 | Orc:4    | XOM: 1-stop teleportation journey
 20229 | Orc:4    | Reached skill level 14 in Unarmed Combat
 20359 | Orc:4    | XOM: 2-stop teleportation journey
 20365 | Orc:4    | XOM: summons friendly quasit
 20435 | Orc:4    | Found Ceus Jac's Assorted Antiques.
 20449 | Orc:4    | Bought a scroll labeled ANE JUVVOTZ for 29 gold pieces
 20453 | Orc:4    | Got a warped large shield
 20464 | Orc:4    | Identified the +5 large shield of the Forgotten Stars {rC+ MR+ Int+2} (You acquired it on level 4 of the Orcish Mines)
 20525 | Orc:4    | Found a staircase to the Elven Halls.
 20686 | Orc:4    | Found Sogamil's Food Shoppe.
 20693 | Orc:4    | XOM: summons 2 friendly demons
 20697 | Orc:4    | Found Raiheumo's Magic Scroll Emporium.
 20705 | Orc:4    | XOM: enchant monster (good)
 20789 | Orc:4    | Reached XP level 15. HP: 91/140 MP: 16/16
 20863 | Orc:4    | XOM: enchant monster (good)
 21075 | Orc:4    | Bought a scroll of blinking for 75 gold pieces
 21075 | Orc:4    | Bought a scroll of fog for 20 gold pieces
 21075 | Orc:4    | Bought a scroll of magic mapping for 35 gold pieces
 21075 | Orc:4    | Bought a scroll of blinking for 75 gold pieces
 21087 | Orc:4    | XOM: torment (59/140 hp)
 21336 | Orc:4    | XOM: destruction
 21346 | Orc:4    | Reached skill level 12 in Fighting
 21349 | Orc:4    | XOM: enchant monster (good)
 21388 | Orc:4    | XOM: enchant monster (good)
 21420 | Orc:4    | XOM: confuse monster(s)
 21476 | Orc:4    | Found Gaerej's Gadget Shop.
 21476 | Orc:4    | Found Idweug's Antique Armour Boutique.
 21476 | Orc:4    | Found a one-way gate leading to the halls of Pandemonium.
 21480 | Orc:4    | Bought a brightly glowing robe for 171 gold pieces
 21490 | Orc:4    | Identified the cursed +0 robe "Ykinogg" {rN+ Int+6} (You bought it in a shop on level 4 of the Orcish Mines)
 21693 | D:13     | XOM: enchant monster (good)
 21696 | D:13     | XOM: potion effect (experience)
 21696 | D:13     | Reached skill level 9 in Dodging
 21696 | D:13     | Reached XP level 16. HP: 146/149 MP: 17/17
 21751 | D:13     | XOM: polymorph orc priest -> river rat
 21757 | D:13     | XOM: confuse monster(s)
 22045 | D:13     | XOM: medium Fire miscast
 22057 | D:13     | XOM: summons 3 friendly demons
 22084 | D:13     | Found a gate to the Vaults.
 22236 | D:13     | XOM: god gift: 17 stones
 22293 | D:13     | Gained mutation: You can translocate small distances at will. [potion of beneficial mutation]
 22412 | D:13     | XOM: medium Erth miscast
 22727 | D:13     | XOM: swap monsters
 22987 | D:14     | Reached skill level 15 in Unarmed Combat
 22988 | D:14     | XOM: polymorph centaur -> wolf
 23024 | D:14     | XOM: confuse monster(s)
 23347 | D:14     | XOM: give mutations
 23347 | D:14     | Gained mutation: You are agile. (Dex +2) [Xom's grace]
 23347 | D:14     | Gained mutation: You can spit weak poison. [Xom's grace]
 23347 | D:14     | Lost mutation: You are frail (-10% HP). [Xom's grace]
 23486 | D:14     | XOM: harmless Chrm miscast
 23531 | D:15     | Entered Level 15 of the Dungeon
 23577 | D:15     | XOM: confuse monster(s)
 23589 | D:15     | XOM: summons friendly iron imp
 23599 | D:15     | XOM: summons 2 friendly demons
 23604 | D:15     | XOM: swap monsters
 23629 | D:15     | XOM: give mutations
 23629 | D:15     | Gained mutation: Your flesh is cold resistant. [Xom's grace]
 23629 | D:15     | Gained mutation: You have large cloven feet. [Xom's grace]
 23679 | D:15     | XOM: polymorph naga mage -> human
 23683 | D:15     | XOM: confusion
 23705 | D:15     | XOM: potion effect (berserk rage)
 23714 | D:15     | Reached skill level 10 in Dodging
 23778 | D:15     | Found a staircase to the Depths.
 24161 | D:15     | XOM: mild Conj miscast
 24257 | D:15     | XOM: medium Conj miscast
 24575 | D:11     | XOM: chaos cloud
 24607 | Lair:1   | XOM: noise
 24687 | Lair:3   | XOM: mild Pois miscast
 24705 | Lair:3   | XOM: medium Chrm miscast
 24743 | Spider:1 | Entered Level 1 of the Spider Nest
 24968 | Spider:1 | XOM: medium Erth miscast
 24987 | Spider:1 | XOM: harmless Ice miscast
 25036 | Spider:1 | XOM: torment (85/167 hp)
 25195 | Spider:1 | Reached skill level 13 in Fighting
 25257 | Spider:1 | XOM: blink monster(s)
 25309 | Spider:1 | XOM: enchant monster (bad)
 25494 | Spider:2 | XOM: silly message
 25551 | Spider:2 | XOM: noise
 25687 | Spider:2 | XOM: silly message
 25695 | Spider:2 | XOM: fog
 25838 | Spider:2 | XOM: cast spell 'Statue Form'
 26088 | Spider:2 | Reached XP level 17. HP: 178/178 MP: 18/18
 26099 | Spider:2 | XOM: 1-stop teleportation journey
 26178 | Spider:2 | XOM: god gift: robe {god gift}
 26260 | Spider:2 | XOM: confuse monster(s)
 26307 | Spider:2 | XOM: confuse monster(s)
 26942 | Spider:3 | XOM: divination: detect items
 27083 | Spider:3 | XOM: summons 2 friendly demons
 27107 | Spider:3 | XOM: harmless Divn miscast
 27200 | Spider:3 | Reached skill level 16 in Unarmed Combat
 27494 | Spider:3 | XOM: divination: detect items
 27558 | Spider:3 | Reached skill level 11 in Dodging
 27948 | Spider:3 | XOM: scenery: create altars
 28068 | Spider:3 | XOM: give mutations
 28068 | Spider:3 | Gained mutation: Your muscles are strong. (Str +2) [Xom's mischief]
 28068 | Spider:3 | Gained mutation: Your body sometimes deteriorates upon taking damage. [Xom's mischief]
 28068 | Spider:3 | Lost mutation: You are agile. (Dex +2) [Xom's mischief]
 28068 | Spider:3 | Lost mutation: Your body sometimes deteriorates upon taking damage. [Xom's mischief]
 28075 | Spider:3 | XOM: enchant monster (good)
 28077 | Spider:3 | XOM: enchant monster (good)
 28169 | Spider:4 | Entered Level 4 of the Spider Nest
 28171 | Spider:4 | XOM: confuse monster(s)
 28261 | Spider:4 | XOM: enchant monster (good)
 28294 | Spider:4 | XOM: summons 9 friendly demons
 28485 | Spider:4 | Noticed Arachne
 28487 | Spider:4 | XOM: summons 13 friendly demons
 28500 | Spider:4 | XOM: summons 6 friendly demons
 28508 | Spider:4 | Killed Arachne
 28551 | Spider:4 | XOM: confuse monster(s)
 28662 | Spider:4 | XOM: potion effect (curing)
 28743 | Spider:4 | XOM: noise
 28983 | Spider:4 | XOM: swap monsters
 29354 | Spider:4 | Reached skill level 14 in Fighting
 29389 | Spider:4 | XOM: polymorph orb spider -> spider
 29398 | Spider:4 | XOM: summons 3 friendly demons
 29409 | Spider:4 | XOM: fake destruction
 29458 | Spider:4 | XOM: smoke on damage
 29463 | Spider:4 | HP: 9/180 [something (4)]
 29465 | Spider:4 | HP: 3/180 [something (6)]
 29465 | Spider:4 | Xom revived you
 29801 | Shoals:1 | Entered Level 1 of the Shoals
 29929 | Shoals:1 | XOM: colour smoke trail
 29975 | Shoals:1 | XOM: 6-stop teleportation journey
 30043 | Shoals:1 | XOM: stat loss: -1 Str (21/26)
 30065 | Shoals:1 | XOM: 1-stop teleportation journey
 30094 | Shoals:1 | XOM: summons 8 hostile demons
 30096 | Shoals:1 | XOM: smoke on damage
 30109 | Shoals:1 | XOM: give mutation
 30109 | Shoals:1 | Gained mutation: You are clumsy. (Dex -2) [Xom's mischief]
 30145 | Shoals:1 | HP: 7/180 [chaos spawn[Xom] (14)]
 30147 | Shoals:1 | Slain by a chaos spawn

Vault maps used:
D:1:      dpeg_arrival_castle, hex_large
D:4:      serial_bayou_pond_c, uniq_purgy
D:5:      first_bread
D:7:      nicolae_dithmenos_through_a_glass_darkly, minmay_temple_entry_grid,
          grunt_ogre_cave, minmay_splitting_lines, uniq_joseph,
          uniq_crazy_yiuf_cottage
D:8:      roderic_batcave, nicolae_gozag_seed_capital
D:9:      minivault_4
D:10:     serial_shops, kennysheep_little_box, shop, kennysheep_mini_moat,
          nicolae_shop_behind_doors, uniq_psyche, uniq_erica
D:11:     lair_0_dummy
D:12:     orc_0_dummy, serial_shops, shop
D:13:     david_vaults_4
D:15:     grunt_enter_depths_magical_seal, grunt_decor_cap
Lair:1:   st_stairs_5, wad_woods_river_04, serial_bayou_lagoon_a
Lair:2:   beast_lair_carwin_10
Lair:3:   spider_nest_entry_funnel_web, lab_entry_generic,
          infiniplex_staircase_pool_2, grunt_megastairs_4
Lair:4:   beast_lair_carwin_large_1, serial_bayou_shore_a
Lair:5:   elwin_shoals_entry_rocks, basic_altar, uniq_maud
Lair:6:   serial_bayou_shore_b, lemuel_fruit_tree
Lair:7:   beast_lair_carwin_6
Lair:8:   grunt_lair_end_beastmaster, slime_dummy, pond, uniq_snorg
Shoals:1: serial_shops, shop
Spider:3: nicolae_spider_webbed_stairs, hangedman_spider_tarantella_strand
Spider:4: grunt_spider_rune_island, uniq_arachne
Orc:1:    serial_shops, nicolae_shop_trees
Orc:2:    serial_shops, nicolae_shop_stone, uniq_gastronok, uniq_erolcha,
          uniq_fannar
Orc:3:    basic_altar, nicolae_orc_pool_cavern, guppyfry_library_mini,
          uniq_josephine
Orc:4:    pf_orc_diabolical, serial_shops, nicolae_shop_overgrown_old_shop,
          rock_pile
Lab:      labyrinth_green, nicolae_lab_diamond, nicolae_lab_plus,
          nicolae_lab_t_cross, nicolae_lab_hexagon, nicolae_lab_starburst

Action                   |  1- 3 |  4- 6 |  7- 9 | 10-12 | 13-15 | 16-18 || total
-------------------------+-------+-------+-------+-------+-------+-------++-------
Melee: Unarmed           |   127 |   150 |   289 |   756 |  1255 |   994 ||  3571
Throw: Stone             |       |       |       |    79 |    87 |    95 ||   261
 Abil: Evoke Invisibilit |       |       |       |       |     1 |     3 ||     4
Evoke: Wand              |       |     1 |    19 |    16 |    27 |     4 ||    67
       Sack of spiders   |       |       |       |     1 |     8 |     7 ||    16
       Lamp of fire      |       |       |       |     1 |     2 |     1 ||     4
       Phial of floods   |       |       |       |       |     2 |     2 ||     4
       Deck              |       |       |       |       |     1 |     1 ||     2
  Use: Scroll            |     6 |     4 |     9 |    15 |    13 |     9 ||    56
       Potion            |       |       |    10 |     2 |    13 |     8 ||    33
 Stab: Sleeping          |       |     1 |     1 |       |     1 |       ||     3
       Confused          |       |       |     2 |     4 |     6 |     6 ||    18
       Petrifying        |       |       |       |     1 |       |       ||     1
       Invisible         |       |       |       |     6 |     2 |     4 ||    12
       Paralysed         |       |       |       |       |     3 |       ||     3
       Distracted        |       |       |       |       |     2 |       ||     2
       Petrified         |       |       |       |       |       |     1 ||     1
  Eat: Chunk             |    21 |    13 |    27 |    70 |    81 |    37 ||   249
       Fruit             |       |       |       |       |       |    39 ||    39
       Beef jerky        |       |       |       |       |       |     8 ||     8
